 Dungeon Crawl Stone Soup version 0.26.0-20-g3ca415f5b8 (webtiles) character file.

Game seed: 11194967435272115201

465 kaeus the Skirmisher (level 7, -3/48 HPs)
             Began as an Octopode Fighter on Jan 25, 2021.
             Slain by a centaur (10 damage)
             ... on level 4 of the Dungeon.
             The game lasted 00:02:25 (3645 turns).

kaeus the Skirmisher (Octopode Fighter)             Turns: 3645, Time: 00:02:26

Health: -3/48      AC:  1    Str: 15    XL:     7   Next: 8%
Magic:  10/10      EV: 13    Int: 10    God:
Gold:   150        SH:  9    Dex: 14    Spells: 10/10 levels left

rFire    . . .     SeeInvis .   j - +0 dagger
rCold    . . .     Faith    .   a - +0 kite shield
rNeg     . . .     Spirit   .   (helmet restricted)
rPois    .         Reflect  .   (no amulet)
rElec    .         Harm     .   (no ring)
rCorr    .         Rampage  .   (no ring)
Will     .....                  (no ring)
Stlth    +++.......             (no ring)
HPRegen  0.16/turn              (no ring)
MPRegen  0.12/turn              (no ring)
                                (no ring)
                                (no ring)

@: no status effects
A: almost no armour, stealthy swim, amphibious, 8 rings, constrict 8, camouflage
1, gelatinous body 1
a: no special abilities


You were on level 4 of the Dungeon.
You visited 1 branch of the dungeon, and saw 4 of its levels.

You collected 150 gold pieces.

Inventory:

Hand Weapons
 j - a +0 dagger (weapon)
Armour
 a - a +0 kite shield (worn)
Jewellery
 c - an uncursed ring of protection from fire {unknown}
Wands
 v - a wand of acid (9)
Scrolls
 d - a scroll of enchant weapon {unknown}
 e - 3 scrolls of fog {unknown}
 f - 4 scrolls of remove curse {unknown}
 g - 5 scrolls of identify {unknown}
 h - 3 scrolls of noise {unknown}
 i - a scroll of teleportation {unknown}
 m - a scroll of amnesia {unknown}
 o - 2 scrolls of random uselessness {unknown}
 q - a scroll of blinking {unknown}
 t - a scroll of immolation {unknown}
Potions
 b - a potion of might
 k - 3 potions of curing {unknown}
 l - 3 potions of heal wounds
 n - a potion of invisibility {unknown}
 p - a potion of magic {unknown}
 r - a potion of berserk rage {unknown}
 s - a potion of flight {unknown}
 u - a potion of ambrosia {unknown}


   Skills:
 + Level 4.0 Fighting
 + Level 4.0 Dodging
 + Level 3.4 Stealth
 + Level 3.9 Shields
 + Level 3.3 Unarmed Combat
 + Level 2.0 Spellcasting
 + Level 2.4 Transmutations


You had 10 spell levels left.
You didn't know any spells.
Your spell library was empty.

Dungeon Overview and Level Annotations

Branches:
Dungeon (4/15)             Temple (0/1) D:4

Altars:
Uskayaw


Innate Abilities, Weirdness & Mutations

You cannot wear most types of armour.
You are very stealthy in the water. (Stealth+)
You are amphibious.
You can wear up to eight rings at the same time.
You can use your tentacles to constrict eight enemies at once.
Your skin changes colour to match your surroundings (Stealth+).
Your rubbery body absorbs attacks. (AC +1, EV +1)


Message History

You are too injured to fight recklessly!
There are monsters nearby!
You are too injured to fight recklessly!
There are monsters nearby!
You completely miss the centaur.
The centaur is moderately wounded.
The centaur hits you! The quokka barely misses you. The centaur hits you.
* * * LOW HITPOINT WARNING * * *
You take 11 damage, and have 11/48 hp.
MASSIVE DAMAGE!!
You hit the centaur but do no damage. You squeeze the centaur.
The centaur is heavily wounded.
You block the quokka's attack. The centaur barely misses you.
The quokka bites you but does no damage.
The centaur hits you.
* * * LOW HITPOINT WARNING * * *
You take 5 damage, and have 6/48 hp.
You hit the centaur but do no damage.
The centaur is heavily wounded.
The centaur hits you!
You die...

####.
###.........####
##.......##
##....^##
##.†.##
######'####
#.........#
#.####.##.#####
#............
#....@r...##
......†..c.#.#
##.#.......# # #
#.......#
.........#
###......##
#......#
##......


You could see a centaur and a quokka.

Vanquished Creatures
  Sigmund (D:2)
  A scorpion (D:4)
  4 hounds (D:4)
  A gnoll (D:1)
  7 adders
  A worm (D:3)
  2 dart slugs
  3 leopard geckos
  An orc (D:3)
  A bat (D:1)
  6 giant cockroaches
  7 goblins
  5 hobgoblins
  8 jackals
  A quokka (D:2)
  A ball python (D:3)
  9 frilled lizards
  6 kobolds
  A leopard gecko skeleton (D:4)
  6 rats
72 creatures vanquished.

Notes
Turn   | Place    | Note
-------+----------+-------------------------------------------
     0 | D:1      | kaeus the Octopode Fighter began the quest for the Orb.
     0 | D:1      | Reached XP level 1. HP: 16/16 MP: 1/1
   493 | D:1      | Reached XP level 2. HP: 21/21 MP: 2/2
   767 | D:1      | Reached skill level 1 in Stealth
   846 | D:1      | Reached XP level 3. HP: 19/26 MP: 3/3
  1824 | D:2      | Reached XP level 4. HP: 31/31 MP: 5/5
  1844 | D:2      | Reached skill level 1 in Transmutations
  1900 | D:2      | Noticed Sigmund
  1908 | D:2      | Killed Sigmund
  1909 | D:2      | Reached skill level 1 in Spellcasting
  1909 | D:2      | Reached XP level 5. HP: 21/36 MP: 5/7
  2136 | D:3      | Reached XP level 6. HP: 31/42 MP: 8/8
  3037 | D:4      | Found a hide-covered altar of Uskayaw.
  3269 | D:4      | Found a staircase to the Ecumenical Temple.
  3625 | D:4      | Reached XP level 7. HP: 45/48 MP: 10/10
  3645 | D:4      | Slain by a centaur

Illustrated notes

Levels and vault maps discovered:
D:1:      giann_horns, layout_basic
D:2:      layout_loops_ring, uniq_sigmund
D:3:      layout_loops_corners
D:4:      layout_loops_corners, doesnt_xom_only_xom,
          eat_drink_and_be_merry_uskayaw, minmay_temple_entry_drinking_statues,
          st_stairs_14, minmay_misc_feat_rows

Skill      XL: |  1  2  3  4  5  6 |
---------------+-------------------+-----
Stealth        | 1 2 3 |  3.4
Transmutations | 1 2 |  2.4
Spellcasting   | 1 2 |  2.0
Unarmed Combat | 3 |  3.3
Fighting       | 4 |  4.0
Dodging        | 4 |  4.0
Shields        | |  3.9

Action                   |  1- 3 |  4- 6 |  7- 9 || total
-------------------------+-------+-------+-------++-------
Melee: Unarmed           |    73 |       |       ||    73
       Constrict         |    22 |    24 |       ||    46
       Tentacles         |     9 |    22 |     3 ||    34
       Dagger            |     6 |    80 |    14 ||   100
       Punch             |     1 |     2 |       ||     3
 Stab: Sleeping          |     3 |    14 |     1 ||    18
Armor: Skin              |     4 |     4 |     1 ||     9
Dodge: Dodged            |    27 |    38 |     8 ||    73
Block: Kite shield       |    27 |    25 |     6 ||    58
